 Dungeon Crawl Stone Soup version 0.29-a0-823-gc37b1572da (webtiles) character file.

Game seed: 10770554893598769730

890 Shayle the Covert (level 8, -1/73 HPs)
             Began as a Naga Brigand on July 8, 2022.
             Killed from afar by Dowan (11 damage)
             ... with a stone arrow
             ... on level 6 of the Dungeon.
             The game lasted 00:12:58 (4335 turns).

Shayle the Covert (Naga Brigand)                    Turns: 4335, Time: 00:12:59

Health: -1/73      AC:  9    Str: 14    XL:     8   Next: 6%
Magic:  11/13      EV:  9    Int: 14    God:
Gold:   154        SH:  0    Dex: 12    Spells: 12/13 levels left

rFire   . . .      SeeInvis +   o - +1 dagger (elec)
rCold   . . .      Faith    .   (no shield)
rNeg    . . .      Spirit   .   b - +0 robe
rPois   +          Reflect  .   v - +1 helmet
rElec   .          Harm     .   c - +2 cloak
rCorr   .          Rampage  .   h - +0 pair of gloves
Will    +....                   (no barding)
Stlth   ++++......              (no amulet)
HPRegen 0.22/turn               (no ring)
MPRegen 0.13/turn               (no ring)

@: very slow
A: AC +2, large, see invisible, deformed body, poison resistance, slowness 2,
spit poison 1, naga tail 1
a: Spit Poison


You were on level 6 of the Dungeon.
You visited 1 branch of the dungeon, and saw 7 of its levels.

You collected 154 gold pieces.

Inventory:

Hand Weapons
 a - a +2 dagger
 o - a +1 dagger of electrocution (weapon)
 y - the +7 mace of the People {venom, +Blink rN+++ Str-5}
   (You found it on level 6 of the Dungeon)

   It poisons the flesh of those it strikes.
   Str:       It affects your strength (-5).
   rN:        It renders you almost immune to negative energy.
   +Blink:    It lets you blink.
Missiles
 d - 6 poisoned darts (quivered)
Armour
 b - a +0 robe (worn)
 c - a +2 cloak (worn)
 h - a +0 pair of gloves (worn)
 v - a +1 helmet (worn)
Wands
 x - a wand of digging (8)
Scrolls
 g - 3 scrolls of vulnerability {unknown}
 j - a scroll of immolation {unknown}
 l - a scroll of teleportation {unknown}
 m - 3 scrolls of identify {unknown}
 q - a scroll of magic mapping {unknown}
 s - 2 scrolls of poison {unknown}
 w - a scroll of fog {unknown}
Potions
 f - a potion of curing
 i - a potion of heal wounds {unknown}
 k - a potion of magic {unknown}
 n - a potion of attraction {unknown}
 p - a potion of lignification {unknown}
 r - a potion of degeneration {unknown}
 t - a potion of mutation {unknown}
 u - 3 potions of invisibility {unknown}
 z - a potion of berserk rage {unknown}


   Skills:
 + Level 4.4 Fighting
 - Level 2.0 Short Blades
 - Level 1.7 Throwing
 - Level 0.7 Dodging
 + Level 8.6 Stealth
 + Level 3.4 Spellcasting
 + Level 3.5 Conjurations
 + Level 3.5 Fire Magic


You had 12 spell levels left.
You knew the following spells:

 Your Spells              Type           Power      Damage    Failure   Level
a - Foxfire               Conj/Fire      48%        2x1d6     4%          1

Your spell library contained the following spells:

 Spells                   Type           Power      Damage    Failure   Level
 Conjure Flame            Conj/Fire      12%        6-21      14%         3
 Summon Small Mammal      Summ           8%         N/A       21%         1
 Inner Flame              Hex/Fire       7%         N/A       30%         3
 Flame Wave               Conj/Fire      12%        2d6       43%         4
 Call Canine Familiar     Summ           2%         N/A       52%         3
 Summon Guardian Golem    Hex/Summ       2%         N/A       52%         3
 Borgnjor's Revivificati  Necr           1%         N/A       100%        8
 Necromutation            Tmut/Necr      1%         N/A       100%        8
 Death's Door             Necr           1%         N/A       100%        9


Dungeon Overview and Level Annotations

Branches:
Dungeon (7/15)
 Temple: D:4-7

Altars:
Fedhas
Kikubaaqudgha
Makhleb
Qazlal
Zin

Annotations:
D:6 Dowan


Innate Abilities, Weirdness & Mutations

Your serpentine skin is tough. (AC +2)
You have supernaturally acute eyesight. (SInv)
Armour fits poorly on your strangely shaped body.
Your system is resistant to poisons. (rPois)
You cover ground very slowly.
You can spit poison.
You have a snake-like lower body.


Message History

You have reached level 8!
You feel clever.
Okay, then.
Okay, then.
You barely miss Dowan.
Dowan is severely wounded.
Dowan gestures wildly while chanting.
Dowan blinks!
You have got your breath back.
Throw: 10 darts (poison)
Press: ? - help, Q - select action, (/) - cycle Shift-Dir - straight line, f - Dowan
Aim: Dowan, wielding a +1 dagger of speed and wearing a +0 robe (severely wounded, fast, poisoned, 48% to hit)
You throw a poisoned dart. The poisoned dart barely misses Dowan.
Throw: 9 darts (poison)
Press: ? - help, Q - select action, (/) - cycle Shift-Dir - straight line, f/p - Dowan
Aim: Dowan, wielding a +1 dagger of speed and wearing a +0 robe (severely wounded, fast, poisoned, 48% to hit)
You throw a poisoned dart. The poisoned dart hits Dowan.
Dowan looks even sicker.
Dowan is severely wounded.
You hit Dowan.
Dowan is severely wounded.
Dowan hits you but does no damage.
Dowan casts a spell.
Dowan blinks!
Unknown command.
Throw: 8 darts (poison)
Press: ? - help, Q - select action, (/) - cycle Shift-Dir - straight line, f/p - Dowan
Aim: Dowan, wielding a +1 dagger of speed and wearing a +0 robe (severely wounded, fast, very poisoned, 48% to hit)
You throw a poisoned dart. The poisoned dart hits Dowan.
Dowan looks even sicker.
Dowan is severely wounded.
Throw: 7 darts (poison)
Press: ? - help, Q - select action, (/) - cycle Shift-Dir - straight line, f/p - Dowan
Aim: Dowan, wielding a +1 dagger of speed and wearing a +0 robe (severely wounded, fast, very poisoned, 48% to hit)
You throw a poisoned dart. The poisoned dart hits Dowan.
Dowan looks as sick as possible!
Dowan is severely wounded.
Dowan points at you and mumbles some strange words.
The stone arrow hits you!
You die...

#..........##..#...##
#. #.$.......e#e...#
..##.. .......).....#
#..... ..#.e).....#
#..# #.
#8#†...#..#####.# ...#
#.(#####.....<..#
#((e#((# #....)...###
#...§####..######...##
###..@....## #.##...
##.####..# #. ###.
#..# ## .# ### #..# ..
#.. #.## .. .......#
#. ..##..##### #>
..... ## ..
..Se......# #.
..........# ##.


You could see Dowan (fast, extremely poisoned).

Vanquished Creatures
  Sigmund (D:6)
  Duvessa (D:6)
  An ogre (D:6)
  A bullfrog (D:6)
  2 necrophages (D:6)
  A scorpion (D:3)
  A howler monkey (D:6)
  A jelly (D:6)
  2 hounds
  2 orc wizards
  A gnoll (D:6)
  4 adders
  An ufetubus (D:6)
  2 worms
  8 orcs
  5 bats
  4 endoplasms
  A giant cockroach (D:2)
  3 hobgoblins
  6 kobolds
  3 quokkas (D:1)
  9 ball pythons
  4 frilled lizards
  3 goblins
  6 rats
73 creatures vanquished.

Vanquished Creatures (others)
  An orc wizard (D:6)
  89 foxfires
90 creatures vanquished.

Grand Total: 163 creatures vanquished

Notes
Turn   | Place    | Note
-------+----------+-------------------------------------------
     0 | D:1      | Shayle the Naga Brigand began the quest for the Orb.
     0 | D:1      | Reached XP level 1. HP: 19/19 MP: 1/1
   181 | D:1      | Reached skill level 6 in Stealth
   277 | D:1      | Reached XP level 2. HP: 26/26 MP: 2/2
   770 | D:2      | Reached skill level 1 in Spellcasting
   788 | D:2      | Learned a level 1 spell: Foxfire
   998 | D:2      | Reached XP level 3. HP: 33/33 MP: 2/4
  1399 | D:2      | Noticed a great orb of eyes
  1400 | D:2      | Found a faded altar of an unknown god.
  1409 | D:2      | Noticed a shining eye
  1409 | D:2      | Noticed a golden eye
  1409 | D:2      | Noticed a great orb of eyes
  1646 | D:3      | Reached XP level 4. HP: 40/40 MP: 3/6
  1690 | D:3      | Reached skill level 1 in Conjurations
  1693 | D:3      | Reached skill level 1 in Fire Magic
  1843 | D:3      | Noticed a scorpion
  1876 | D:3      | Killed a scorpion
  1877 | D:3      | Reached XP level 5. HP: 39/49 MP: 1/7
  2211 | D:3      | Reached skill level 7 in Stealth
  2682 | D:4      | Found a glowing silver altar of Zin.
  2691 | D:4      | Found a burning altar of Makhleb.
  2692 | D:4      | Found a blossoming altar of Fedhas.
  3579 | D:5      | Entered Level 5 of the Dungeon
  3729 | D:6      | Noticed an ogre
  3736 | D:6      | Killed an ogre
  3737 | D:6      | Reached XP level 6. HP: 39/56 MP: 9/9
  3828 | D:6      | Noticed Sigmund
  3830 | D:6      | Found a stormy altar of Qazlal.
  3842 | D:6      | Killed Sigmund
  3843 | D:6      | Reached XP level 7. HP: 56/63 MP: 9/11
  3947 | D:6      | You fall into a shaft and drop 1 floor!
  3971 | D:6      | Reached skill level 8 in Stealth
  3982 | D:6      | Identified the +7 mace of the People {venom, +Blink rN+++
                  | Str-5}
  3985 | D:6      | Found an ancient bone altar of Kikubaaqudgha.
  4142 | D:6      | Noticed Dowan
  4297 | D:6      | Noticed Duvessa
  4328 | D:6      | Killed Duvessa
  4329 | D:6      | Reached XP level 8. HP: 8/73 MP: 11/13
  4335 | D:6      | Killed from afar by Dowan

Illustrated notes

Levels and vault maps discovered:
D:1:      dpeg_arrival_line_fractal, layout_basic
D:2:      minmay_wonky_spiral, layout_rooms,
          hellmonk_ecumenical_altar_watching_god, minmay_misc_feat_chi
D:3:      layout_basic
D:4:      layout_basic, chequers_temple_overflow_statue_of_worship,
          portal_sewer_entry_e
D:5:      layout_rooms, gammafunk_ghost_nasty_kobolds, serial_shops, shop,
          nicolae_concentric_dashed_squares_mild, uniq_blork_the_orc,
          uniq_eustachio
D:6:      layout_layer_cave, mainiacjoe_overflow_concentric_impassable,
          kiku_gazebo_pond_becter, chequers_serial_rivers_micro_a, hex_tiny,
          chequers_serial_rivers_micro_c, kennysheep_decorative_pillar,
          uniq_sigmund, uniq_duvessa
D:7:      layout_rooms, mainiacjoe_overflow_alcove_4, minmay_temple_entry_wispy

Skill      XL: |  1  2  3  4  5  6  7 |
---------------+----------------------+-----
Stealth        | 6 7 8 |  8.6
Spellcasting   | 1 2 3 |  3.4
Conjurations   | 1 2 3 |  3.5
Fire Magic     | 1 2 3 |  3.5
Fighting       | 3 4 |  4.4
Short Blades   | |  2.0
Throwing       | |  1.7
Dodging        | |  0.7

Action                   |  1- 3 |  4- 6 |  7- 9 || total
-------------------------+-------+-------+-------++-------
Melee: Dagger            |    34 |    29 |    72 ||   135
       Punch             |       |     1 |       ||     1
Throw: Dart              |     6 |     7 |     8 ||    21
 Cast: Foxfire           |    25 |    23 |       ||    48
 Abil: Spit Poison       |    19 |     6 |     9 ||    34
  Use: Scroll            |       |     3 |       ||     3
       Potion            |       |       |     2 ||     2
 Stab: Sleeping          |     1 |     4 |     2 ||     7
Armor: Robe              |    17 |     5 |    42 ||    64
Dodge: Dodged            |    21 |    11 |    42 ||    74

Table legend: (Time is in decaauts)
 A = Elapsed time spent in this place.
 B = Non-inter-level travel time spent in this place.
 C = Inter-level travel time spent in this place.
 D = Time resting spent in this place.
 E = Time spent auto-exploring this place.
 F = Levels seen in this place.
 G = Mean time per level.
                   A        B        C        D        E       F      G
               +--------+--------+--------+--------+--------+-----+--------+
         Total |   5472 |   5354 |    118 |    385 |   3497 |   7 |  781.7 |
       Dungeon |   5472 |   5354 |    118 |    385 |   3497 |   7 |  781.7 |
               +--------+--------+--------+--------+--------+-----+--------+

Top non-repeatable levels by time:
     D:4: 1371 daAuts
     D:3: 1333 daAuts
     D:1: 969 daAuts
     D:2: 939 daAuts
     D:6: 671 daAuts
     D:5: 173 daAuts
     D:7: 13 daAuts
